 Dungeon Crawl Stone Soup version 0.21.1-1-g345015f (webtiles) character file.

44 EuclidGuy the Caller (level 3, -3/28 HPs)
             Began as a Draconian Summoner on July 5, 2018.
             Was an Initiate of Sif Muna.
             Splashed by Ijyb's acid (12 damage)
             ... on level 3 of the Dungeon on July 6, 2018.
             The game lasted 00:26:37 (2470 turns).

EuclidGuy the Caller (Draconian Summoner)           Turns: 2470, Time: 00:26:41

Health: -3/28      AC:  6    Str: 10    XL:     3   Next: 39%
Magic:  3/6        EV: 12    Int: 16    God:    Sif Muna [......]
Gold:   74         SH:  0    Dex: 11    Spells: 0/6 levels left

rFire    . . .     SeeInvis .   o - +0 trident
rCold    . . .     Gourm    .   (no shield)
rNeg     . . .     Faith    .   (armour unavailable)
rPois    .         Spirit   .   (helmet restricted)
rElec    .         Reflect  .   l - +0 cloak
rCorr    .         Harm     .   (no gloves)
MR       .....                  (no boots)
Stlth    ++........             (no amulet)
HPRegen  0.09/turn              (no ring)
MPRegen  0.10/turn              (no ring)

@: no status effects
A: unfitting armour, cold-blooded, AC +5
a: Renounce Religion


You were on level 3 of the Dungeon.
You worshipped Sif Muna.
Sif Muna was noncommittal.
You were hungry.

You visited 1 branch of the dungeon, and saw 3 of its levels.

You collected 74 gold pieces.

Inventory:

Hand Weapons
 d - a +0 hunting sling
 i - a +0 short sword
 o - a +0 trident (weapon)
Missiles
 f - 83 stones (quivered)
Armour
 j - a +2 robe of cold resistance
 l - a +0 cloak (worn)
Jewellery
 g - a +2 ring of dexterity {unknown}
 m - an uncursed ring of resist corrosion {unknown}
Scrolls
 c - 3 scrolls of remove curse {unknown}
 e - 7 scrolls of identify {unknown}
 h - a scroll of random uselessness {unknown}
 k - a scroll of noise {unknown}
 p - 2 scrolls of magic mapping {unknown}
 q - a scroll of enchant weapon {unknown}
 r - a scroll of teleportation {unknown}
 s - 2 scrolls of fog {unknown}
Potions
 n - 3 potions of lignification {unknown}
Books
 a - a book of Callings

   Spells                             Type                      Level
   a - Summon Small Mammal            Summoning                    1
   b - Call Imp                       Summoning                    2
   c - Call Canine Familiar           Summoning                    3
   d - Summon Guardian Golem          Hexes/Summoning              3
   e - Summon Lightning Spire         Summoning/Air                4
   f - Summon Ice Beast               Ice/Summoning                4
Comestibles
 b - 3 rations


   Skills:
 + Level 1.2 Fighting
 + Level 2.2 Dodging
 - Level 2.3 Stealth
 - Level 2.0 Spellcasting
 * Level 4.4 Summonings


You couldn't memorise any spells.
You knew the following spells:

 Your Spells              Type           Power        Failure   Level  Hunger
a - Summon Small Mammal   Summ           ###.         3%          1    #......
b - Call Imp              Summ           ###.....     4%          2    ###....
c - Summon Guardian Gole  Hex/Summ       #.......     26%         3    ###....


Dungeon Overview and Level Annotations

Branches:
Dungeon (3/15)

Altars:
Sif Muna

Annotations:
D:3 Ijyb


Innate Abilities, Weirdness & Mutations

Your plain brown scales are hard. (AC +5)
You cannot fit into any form of body armour.
You are cold-blooded and may be slowed by cold attacks.


Message History

Your white imp gestures at Ijyb.
The puff of frost hits Ijyb.
Your crimson imp hits Ijyb but does no damage.
Your white imp closely misses Ijyb.
Your crimson imp completely misses Ijyb.
Your white imp hits Ijyb but does no damage.
Your crimson imp barely misses Ijyb.
Ijyb closely misses you.
Your crimson imp blinks!
Your white imp barely misses Ijyb.
You hit Ijyb but do no damage.
Ijyb is lightly wounded.
Ijyb closely misses you.
Your white imp barely misses Ijyb.
You barely miss Ijyb.
Ijyb is lightly wounded.
Your crimson imp blinks!
Ijyb zaps a wand.
The bolt of acid hits you!
Ouch! That really hurt!
You are splashed with acid!
The acid burns!
You die...

#########
........# #.#
###(####@######
.........g5..§###
##..##...§.....#
# #..#.##.#.#
#..#.# # (...#<#
.##.##.# #.
#.##.# # #.##.#


You could see Ijyb and a friendly white imp.

Vanquished Creatures
  An ooze (D:3)
  2 dart slugs (D:1)
  4 goblins
  2 hobgoblins (D:2)
  4 kobolds
  3 bats
  2 frilled lizards
  A rat (D:2)
19 creatures vanquished.

Vanquished Creatures (collateral kills)
  3 worms (D:2)
  2 dart slugs
  2 leopard geckos (D:2)
  2 bats (D:1)
  A giant cockroach (D:1)
  A goblin (D:1)
  3 hobgoblins
  A frilled lizard (D:2)
  A kobold (D:1)
  A rat (D:2)
17 creatures vanquished.

Grand Total: 36 creatures vanquished

Notes
Turn   | Place    | Note
-------+----------+-------------------------------------------
     0 | D:1      | EuclidGuy the Draconian Summoner began the quest for the Orb.
     0 | D:1      | Reached XP level 1. HP: 14/14 MP: 3/3
   591 | D:1      | Reached XP level 2. HP: 16/22 MP: 5/5
   637 | D:1      | Learned a level 2 spell: Call Imp
  1501 | D:2      | Reached skill level 1 in Fighting
  1577 | D:2      | Found a deep blue altar of Sif Muna.
  1583 | D:2      | Became a worshipper of Sif Muna the Loreminder
  1697 | D:2      | Reached XP level 3. HP: 25/28 MP: 6/6
  2129 | D:2      | Learned a level 3 spell: Summon Guardian Golem
  2452 | D:3      | Noticed Ijyb
  2470 | D:3      | Splashed by Ijyb's acid

Skill      XL: |  1  2 |
---------------+-------+-----
Stealth        | 2 |  2.3
Dodging        | 2 |  2.2
Fighting       | 1 |  1.2
Spellcasting   | |  2.0
Summonings     | |  4.4

Action                   || total
-------------------------++-------
Melee: Unarmed           ||    24
       Tailslap          ||    12
       Hunting sling     ||     7
       Trident           ||    31
       Short sword       ||     9
 Cast: Summon Small Mamm ||    12
       Call Imp          ||    30
       Summon Guardian G ||     1
 Stab: Sleeping          ||     1
  Eat: Chunk             ||     3
       Ration            ||     1
Armor: Skin              ||    22
Dodge: Dodged            ||    59
